 Dungeon Crawl Stone Soup version 0.29-a0-275-g389c0b56f3 (webtiles) character file.

Game seed: 15401537431860526579

157 Murumi the Skirmisher (level 5, -3/57 HPs)
             Began as an Ogre Gladiator on Mar 12, 2022.
             Slain by a water moccasin (4 damage)
             ... on level 4 of the Dungeon.
             The game lasted 00:07:33 (2879 turns).

Murumi the Skirmisher (Ogre Gladiator)              Turns: 2879, Time: 00:07:35

Health: -3/57      AC:  4    Str: 19 (20) XL:     5   Next: 38%
Magic:  5/5        EV: 10    Int:  6 (9)  God:
Gold:   92         SH:  0    Dex:  9 (10) Spells: 4/4 levels left

rFire   . . .      SeeInvis .   j - +0 whip
rCold   . . .      Faith    .   (no shield)
rNeg    . . .      Spirit   .   b - +0 robe
rPois   .          Reflect  .   c - +0 hat
rElec   .          Harm     .   f - +0 cloak
rCorr   .          Rampage  .   (gloves unavailable)
Will    .....                   (boots unavailable)
Stlth   +.........              (no amulet)
HPRegen 0.19/turn               i - ring of flight
MPRegen 0.09/turn               (no ring)

@: lethally poisoned (-3 -> -18), flying
A: large, unfitting armour, tough skin 1
a: no special abilities


You were on level 4 of the Dungeon.
You visited 1 branch of the dungeon, and saw 3 of its levels.

You collected 92 gold pieces.

Inventory:

Hand Weapons
 a - a +0 flail
 j - a +0 whip (weapon)
Missiles
 d - 2 throwing nets
 e - a large rock
 h - 47 stones (quivered)
Armour
 b - a +0 robe (worn)
 c - a +0 hat (worn)
 f - a +0 cloak (worn)
Jewellery
 i - a ring of flight (left hand)
Wands
 k - a wand of polymorph (2)
Potions
 l - a potion of mutation {unknown}


   Skills:
 - Level 5.0 Fighting
 - Level 3.0 Maces & Flails
 - Level 3.0 Throwing
 - Level 1.0 Armour
 - Level 3.0 Dodging
 - Level 1.0 Stealth
 + Level 0.6 Evocations


You had 4 spell levels left.
You didn't know any spells.
Your spell library was empty.

Dungeon Overview and Level Annotations

Branches:
Dungeon (2/15)

Altars:


Innate Abilities, Weirdness & Mutations

You are too large for most types of armour.
You have tough skin. (AC +1)


Message History

You kill the endoplasm!
An orc wizard comes into view. It is wielding a +0 dagger.
The water moccasin bites you but does no damage.
The water moccasin attacks as you move away!
The water moccasin bites you.
You are poisoned.
The water moccasin poisons you!
You feel very sick.
The water moccasin attacks as you move away!
The water moccasin barely misses you.
You feel very sick. The ufetubus hits you. The ufetubus barely misses you.
You feel sick. The water moccasin bites you.
You are lethally poisoned!
The water moccasin poisons you!
The water moccasin attacks as you move away!
The water moccasin bites you.
An adder comes into view.
* * * LOW HITPOINT WARNING * * *
You feel very sick.
You aren't carrying any scrolls.
Unknown command.
Throw: 47 stones
Press: ? - help, Q - select action, (/) - cycle Shift-Dir - straight line, f - water moccasin
Aim: a water moccasin (40% to hit)
Okay, then.
It was a potion of degeneration.
There was something very wrong with that liquid.
You feel weakened.
You feel dopey.
You feel clumsy.
* * * LOW HITPOINT WARNING * * *
You feel very sick.
The adder hisses angrily.
The water moccasin bites you.
* * * LOW HITPOINT WARNING * * *
The ufetubus hits you.
* * * LOW HITPOINT WARNING * * *
The ufetubus hits you.
* * * LOW HITPOINT WARNING * * *
The water moccasin bites you.
You die... #.. #.. # # #Jo

.# ##.#.. #####.### #
..... .......###.#
#.#)o#####..# .....##
#...o(5).$..# .......
.....(g####.#o###.....S.
#.K##o#####.#goS@.# #
.K..........5###
.##.#####......... ..
########## .


You could see a water moccasin, an orc priest, an adder, an orc, an ufetubus and
a hobgoblin.

Vanquished Creatures
  Natasha (thrice) (D:2)
  2 adders (D:2)
  3 orcs (D:4)
  3 ball pythons (D:1)
  4 endoplasms
  2 giant cockroaches (D:1)
  7 hobgoblins
  6 jackals
  7 kobolds
  6 quokkas
  A bat (D:1)
  3 frilled lizards
  5 goblins
  5 rats
57 creatures vanquished.

Notes
Turn   | Place    | Note
-------+----------+-------------------------------------------
     0 | D:1      | Murumi the Ogre Gladiator began the quest for the Orb.
     0 | D:1      | Reached XP level 1. HP: 22/22 MP: 1/1
    36 | D:1      | Reached skill level 3 in Fighting
    70 | D:1      | Reached XP level 2. HP: 30/31 MP: 2/2
   612 | D:1      | Reached XP level 3. HP: 32/39 MP: 3/3
   738 | D:1      | Reached skill level 4 in Fighting
  1586 | D:2      | Noticed Natasha
  1630 | D:2      | Killed Natasha
  1631 | D:2      | Reached skill level 1 in Armour
  1631 | D:2      | Reached skill level 1 in Stealth
  1631 | D:2      | Reached XP level 4. HP: 41/48 MP: 4/4
  1863 | D:2      | Noticed Natasha
  1877 | D:2      | Killed Natasha
  2120 | D:2      | Reached skill level 5 in Fighting
  2435 | D:2      | Noticed Natasha
  2459 | D:2      | Killed Natasha
  2460 | D:2      | Reached XP level 5. HP: 36/57 MP: 5/5
  2793 | D:2      | Found a faded altar of an unknown god.
  2837 | D:2      | You are sucked into a shaft and drop 2 floors!
  2848 | D:4      | Noticed a water moccasin
  2879 | D:4      | HP: 1/57 [ufetubus (3)]
  2879 | D:4      | Slain by a water moccasin

Illustrated notes

Levels and vault maps discovered:
D:1:      dpeg_arrival_water_temple_mockup, layout_basic
D:2:      layout_basic, hellmonk_ecumenical_altar_heavens_door, uniq_natasha
D:4:      layout_loops_ring, uniq_blork_the_orc

Skill      XL: |  1  2  3  4  5 |
---------------+----------------+-----
Fighting       | 3 4 5 |  5.0
Maces & Flails | 3 |  3.0
Dodging        | 3 |  3.0
Armour         | 1 |  1.0
Stealth        | 1 |  1.0
Throwing       | 3 |  3.0
Evocations     | |  0.6

Action                   |  1- 3 |  4- 6 || total
-------------------------+-------+-------++-------
Melee: Flail             |   125 |     8 ||   133
       Unarmed           |     8 |       ||     8
       Whip              |       |   120 ||   120
Throw: Stone             |     5 |    22 ||    27
       Throwing net      |     1 |       ||     1
  Use: Scroll            |     3 |       ||     3
       Potion            |     1 |     1 ||     2
 Stab: Sleeping          |     1 |     1 ||     2
Armor: Robe              |    38 |    26 ||    64
       Skin              |     5 |       ||     5
Dodge: Dodged            |    63 |    61 ||   124

Table legend: (Time is in decaauts)
 A = Elapsed time spent in this place.
 B = Non-inter-level travel time spent in this place.
 C = Inter-level travel time spent in this place.
 D = Time resting spent in this place.
 E = Time spent auto-exploring this place.
 F = Levels seen in this place.
 G = Mean time per level.
                   A        B        C        D        E       F      G
               +--------+--------+--------+--------+--------+-----+--------+
         Total |   2914 |   2849 |     65 |    224 |   2099 |   3 |  971.3 |
       Dungeon |   2914 |   2849 |     65 |    224 |   2099 |   3 |  971.3 |
               +--------+--------+--------+--------+--------+-----+--------+

Top non-repeatable levels by time:
     D:1: 1516 daAuts
     D:2: 1357 daAuts
     D:4: 40 daAuts
